[ AOE2 MATCH · #495767786 ]
UnrankedCelts vs Khmer
Player's team · WIN
Rival team · LOSS
[ REPLAY ANALYSIS · EXTRACTED FROM THE RECORDED GAME ]
Feudal
13:29
Castle
17:25
Imperial
33:43
| APM avg | 50.3 |
| APM peak | 87 |
| eAPM avg | 18.3 |
| Villagers / military | 158 / 157 |
Focus
⚔️ 18.3% · 🌾 81.7%
Spearman ×85 · Skirmisher ×40 · Scorpion ×18 · Battering Ram ×5 · Mangonel ×4 · Trebuchet (Packed) ×3
Feudal
10:36
Castle
16:40
Imperial
32:47
| APM avg | 27.3 |
| APM peak | 70 |
| eAPM avg | 13.9 |
| Villagers / military | 127 / 134 |
Focus
⚔️ 24.8% · 🌾 75.2%
Scout Cavalry ×82 · Scorpion ×36 · Knight ×5 · Battle Elephant ×5 · Trebuchet (Packed) ×4 · Monk ×2
Match map
Initial resources + every placement click. Lines = walls · curves = elevation contours. ◆ gold · ⬟ stone · ● berries · ✦ relic · ◌ wall gap
Your base· ✓ Closed at 17:25 · 0t walls · 2 gate(s)
Purdue's base· ✓ Closed at 16:40 · 0t walls · 2 gate(s)
Smoothed initial terrain · ◌ = detected wall gap · hover for details
Inputs per minute
— Lord6 - - Purdue
Build order — Lord6
First 150 of 392 actions detected
| 0:01 | Queue | Villager (Male) |
| 0:01 | Queue | Villager (Male) |
| 0:02 | Build | House |
| 0:04 | Build | House |
| 0:08 | Queue | Villager (Male) |
| 0:08 | Queue | Villager (Male) |
| 0:08 | Queue | Villager (Male) |
| 1:33 | Queue | Villager (Male) |
| 1:56 | Build | Lumber Camp |
| 2:05 | Queue | Villager (Male) |
| 2:05 | Queue | Villager (Male) |
| 2:16 | Queue | Villager (Male) |
| 2:16 | Queue | Villager (Male) |
| 2:39 | Queue | Villager (Male) |
| 2:39 | Queue | Villager (Male) |
| 3:12 | Queue | Villager (Male) |
| 3:12 | Queue | Villager (Male) |
| 3:36 | Queue | Villager (Male) |
| 3:36 | Queue | Villager (Male) |
| 3:48 | Build | House |
| 4:02 | Queue | Villager (Male) |
| 4:02 | Queue | Villager (Male) |
| 4:16 | Build | Mill |
| 4:26 | Queue | Villager (Male) |
| 4:27 | Queue | Villager (Male) |
| 5:04 | Queue | Villager (Male) |
| 5:04 | Queue | Villager (Male) |
| 5:26 | Queue | Villager (Male) |
| 5:26 | Queue | Villager (Male) |
| 5:44 | Queue | Villager (Male) |
| 5:44 | Queue | Villager (Male) |
| 5:56 | Build | House |
| 5:57 | Build | House |
| 6:16 | Queue | Villager (Male) |
| 6:21 | Build | Farm |
| 6:22 | Build | Farm |
| 6:23 | Build | Farm |
| 6:29 | Queue | Villager (Male) |
| 6:32 | Build | Farm |
| 7:02 | Queue | Villager (Male) |
| 7:12 | Build | Farm |
| 7:34 | Queue | Villager (Male) |
| 7:34 | Queue | Villager (Male) |
| 7:41 | Build | Farm |
| 7:57 | Queue | Villager (Male) |
| 7:57 | Queue | Villager (Male) |
| 8:09 | Build | Farm |
| 8:11 | Queue | Villager (Male) |
| 8:11 | Queue | Villager (Male) |
| 8:24 | Queue | Villager (Male) |
| 8:24 | Queue | Villager (Male) |
| 8:28 | Build | Farm |
| 8:43 | Queue | Villager (Male) |
| 8:52 | Build | Farm |
| 8:53 | Queue | Villager (Male) |
| 8:53 | Queue | Villager (Male) |
| 9:07 | Queue | Villager (Male) |
| 9:07 | Queue | Villager (Male) |
| 9:18 | Build | Farm |
| 9:29 | Queue | Villager (Male) |
| 9:29 | Queue | Villager (Male) |
| 9:42 | Build | Farm |
| 9:48 | Research | Loom |
| 10:10 | Build | Mining Camp |
| 11:17 | Research | Feudal Age |
| 11:17 | Research | Feudal Age |
| 11:39 | Build | House |
| 11:40 | Build | House |
| 11:41 | Build | House |
| 12:43 | Build | Barracks |
| 13:29 | Age | Feudal Age |
| 13:30 | Research | Wheelbarrow |
| 13:30 | Research | Wheelbarrow |
| 13:34 | Build | Market |
| 13:39 | Build | Blacksmith |
| 14:40 | Research | Castle Age |
| 14:40 | Research | Castle Age |
| 15:06 | Research | Horse Collar |
| 15:14 | Research | Double-Bit Axe |
| 15:14 | Research | Double-Bit Axe |
| 15:48 | Queue | Spearman ×3 |
| 16:00 | Queue | Spearman |
| 16:05 | Queue | Spearman |
| 16:05 | Queue | Spearman |
| 16:15 | Queue | Villager (Male) |
| 16:15 | Queue | Villager (Male) |
| 16:33 | Queue | Villager (Male) |
| 16:33 | Queue | Villager (Male) |
| 16:39 | Queue | Villager (Male) |
| 16:39 | Queue | Villager (Male) |
| 17:25 | Age | Castle Age |
| 17:29 | Build | Monastery |
| 17:32 | Build | Town Center |
| 17:36 | Build | Town Center |
| 17:38 | Research | Pikeman (upgrade) |
| 18:23 | Queue | Monk |
| 18:31 | Queue | Villager (Male) |
| 18:47 | Queue | Villager (Male) |
| 18:49 | Queue | Villager (Male) |
| 18:50 | Queue | Villager (Male) |
| 18:52 | Build | Farm |
| 18:53 | Build | Farm |
| 18:54 | Queue | Villager (Male) |
| 18:55 | Queue | Villager (Male) |
| 19:06 | Build | Farm |
| 19:09 | Build | Farm |
| 19:17 | Queue | Villager (Male) |
| 19:18 | Queue | Villager (Male) |
| 19:23 | Queue | Villager (Male) |
| 19:23 | Queue | Villager (Male) |
| 19:32 | Queue | Monk |
| 19:39 | Queue | Villager (Male) |
| 19:44 | Build | House |
| 19:44 | Build | House |
| 19:45 | Build | House |
| 19:46 | Build | House |
| 19:52 | Queue | Villager (Male) |
| 19:52 | Queue | Villager (Male) |
| 20:02 | Queue | Villager (Male) |
| 20:02 | Queue | Villager (Male) |
| 20:09 | Build | Farm |
| 20:09 | Build | Farm |
| 20:10 | Build | Farm |
| 20:14 | Build | Farm |
| 20:16 | Build | Farm |
| 20:21 | Queue | Villager (Male) |
| 20:21 | Queue | Villager (Male) |
| 20:33 | Queue | Villager (Male) |
| 20:33 | Queue | Villager (Male) |
| 20:40 | Build | Farm |
| 20:41 | Build | Farm |
| 20:43 | Queue | Villager (Male) |
| 20:52 | Queue | Villager (Male) |
| 20:53 | Queue | Villager (Male) |
| 20:55 | Build | Farm |
| 20:56 | Build | Farm |
| 20:59 | Build | Farm |
| 20:59 | Build | Farm |
| 21:08 | Queue | Villager (Male) |
| 21:09 | Queue | Villager (Male) |
| 21:09 | Queue | Villager (Male) |
| 21:13 | Build | Farm |
| 21:17 | Build | Farm |
| 21:23 | Queue | Villager (Male) |
| 21:25 | Queue | Villager (Male) |
| 21:25 | Queue | Villager (Male) |
| 21:41 | Queue | Villager (Male) |
| 21:41 | Queue | Villager (Male) |
| 21:41 | Queue | Villager (Male) |
| 21:57 | Queue | Villager (Male) |
Build order — Purdue
First 150 of 310 actions detected
| 0:00 | Queue | Villager (Male) |
| 0:01 | Queue | Villager (Male) |
| 0:02 | Build | House |
| 0:05 | Build | House |
| 0:14 | Queue | Villager (Male) |
| 0:51 | Queue | Villager (Male) |
| 1:41 | Queue | Villager (Male) |
| 2:14 | Queue | Villager (Male) |
| 2:14 | Queue | Villager (Male) |
| 2:40 | Queue | Villager (Male) |
| 2:40 | Queue | Villager (Male) |
| 3:23 | Build | House |
| 3:34 | Queue | Villager (Male) |
| 4:08 | Queue | Villager (Male) |
| 4:09 | Queue | Villager (Male) |
| 4:53 | Queue | Villager (Male) |
| 5:20 | Build | Mill |
| 5:21 | Queue | Villager (Male) |
| 5:56 | Queue | Villager (Male) |
| 5:57 | Queue | Villager (Male) |
| 6:02 | Build | House |
| 6:27 | Queue | Villager (Male) |
| 6:31 | Build | House |
| 7:07 | Queue | Villager (Male) |
| 7:20 | Build | Lumber Camp |
| 7:29 | Queue | Villager (Male) |
| 7:52 | Build | Mining Camp |
| 7:58 | Queue | Villager (Male) |
| 8:19 | Research | Feudal Age |
| 8:57 | Build | Mill |
| 9:25 | Build | Farm |
| 9:27 | Build | Farm |
| 9:51 | Queue | Villager (Male) |
| 9:56 | Build | Farm |
| 10:36 | Age | Feudal Age |
| 10:38 | Research | Horse Collar |
| 10:39 | Research | Double-Bit Axe |
| 10:43 | Queue | Villager (Male) |
| 11:04 | Queue | Villager (Male) |
| 11:24 | Build | House |
| 11:26 | Build | House |
| 11:33 | Build | Farm |
| 11:41 | Queue | Villager (Male) |
| 12:00 | Queue | Villager (Male) |
| 12:09 | Build | Farm |
| 12:17 | Build | Farm |
| 12:39 | Queue | Villager (Male) |
| 12:46 | Build | Farm |
| 12:52 | Build | Farm |
| 12:54 | Queue | Villager (Male) |
| 13:25 | Queue | Villager (Male) |
| 13:29 | Build | Farm |
| 13:43 | Build | Farm |
| 13:58 | Build | Farm |
| 14:00 | Research | Castle Age |
| 14:19 | Build | House |
| 14:21 | Build | House |
| 14:25 | Build | Farm |
| 14:30 | Queue | Villager (Male) |
| 15:09 | Research | Gold Mining |
| 15:22 | Research | Wheelbarrow |
| 15:43 | Build | Stable |
| 16:25 | Build | Blacksmith |
| 16:40 | Age | Castle Age |
| 16:42 | Queue | Villager (Male) |
| 16:58 | Build | Town Center |
| 17:01 | Queue | Villager (Male) |
| 17:13 | Queue | Scout Cavalry |
| 17:18 | Research | Bloodlines |
| 17:25 | Build | Stable |
| 17:43 | Queue | Villager (Male) |
| 17:59 | Queue | Villager (Male) |
| 18:19 | Research | Loom |
| 18:29 | Queue | Villager (Male) |
| 18:51 | Build | Monastery |
| 18:59 | Research | Light Cavalry (upgrade) |
| 19:05 | Queue | Scout Cavalry |
| 19:05 | Queue | Scout Cavalry |
| 19:18 | Research | Scale Barding Armor |
| 19:20 | Research | Forging |
| 19:23 | Queue | Villager (Male) |
| 19:23 | Queue | Villager (Male) |
| 19:28 | Build | Town Center |
| 19:34 | Queue | Villager (Male) |
| 19:34 | Queue | Villager (Male) |
| 19:41 | Research | Bow Saw |
| 19:55 | Queue | Monk |
| 20:06 | Build | House |
| 20:09 | Build | House |
| 20:18 | Queue | Villager (Male) |
| 20:19 | Queue | Villager (Male) |
| 20:19 | Queue | Villager (Male) |
| 21:06 | Queue | Scout Cavalry |
| 21:06 | Queue | Scout Cavalry |
| 21:07 | Queue | Villager (Male) |
| 21:07 | Queue | Villager (Male) |
| 21:19 | Build | Farm |
| 21:21 | Build | Farm |
| 21:29 | Queue | Villager (Male) |
| 21:30 | Queue | Villager (Male) |
| 21:47 | Build | Siege Workshop |
| 21:50 | Queue | Knight |
| 21:50 | Queue | Knight |
| 22:00 | Build | Farm |
| 22:01 | Build | Farm |
| 22:04 | Queue | Villager (Male) |
| 22:14 | Queue | Villager (Male) |
| 22:14 | Queue | Villager (Male) |
| 22:19 | Build | Farm |
| 22:21 | Build | Farm |
| 22:24 | Build | Farm |
| 22:26 | Queue | Villager (Male) |
| 22:26 | Queue | Villager (Male) |
| 22:33 | Queue | Monk |
| 22:39 | Queue | Scorpion |
| 22:48 | Queue | Villager (Male) |
| 22:48 | Queue | Villager (Male) |
| 22:49 | Queue | Villager (Male) |
| 22:54 | Queue | Scorpion |
| 23:30 | Queue | Knight |
| 23:32 | Queue | Villager (Male) |
| 23:33 | Queue | Villager (Male) |
| 23:33 | Queue | Villager (Male) |
| 23:55 | Queue | Knight |
| 23:55 | Queue | Knight |
| 24:15 | Queue | Villager (Male) |
| 24:16 | Queue | Villager (Male) |
| 24:16 | Queue | Villager (Male) |
| 24:16 | Queue | Villager (Male) |
| 24:20 | Build | House |
| 24:22 | Build | House |
| 24:45 | Queue | Villager (Male) |
| 24:45 | Queue | Villager (Male) |
| 24:45 | Queue | Villager (Male) |
| 24:45 | Queue | Villager (Male) |
| 25:18 | Build | Castle |
| 25:24 | Queue | Villager (Male) |
| 25:25 | Queue | Villager (Male) |
| 25:26 | Research | Hand Cart |
| 25:37 | Build | Farm |
| 25:39 | Build | Farm |
| 25:40 | Build | Farm |
| 25:51 | Build | University |
| 25:56 | Queue | Scorpion |
| 25:56 | Queue | Scorpion |
| 26:07 | Queue | Villager (Male) |
| 26:08 | Queue | Villager (Male) |
| 26:08 | Queue | Villager (Male) |
| 26:08 | Queue | Villager (Male) |
| 26:09 | Queue | Villager (Male) |
Match timeline
| 10:36 | Purdue · age_up feudal |
| 12:43 | Lord6 · first_building Barracks |
| 13:29 | Lord6 · age_up feudal |
| 15:43 | Purdue · first_building Stable |
| 16:40 | Purdue · age_up castle |
| 17:25 | Lord6 · age_up castle |
| 17:29 | Lord6 · first_building Monastery |
| 18:51 | Purdue · first_building Monastery |
| 21:47 | Purdue · first_building Siege Workshop |
| 25:18 | Purdue · first_building Castle |
| 28:50 | Lord6 · first_market_buy 500 stone |
| 28:58 | Lord6 · first_building Castle |
| 29:13 | Lord6 · first_building Siege Workshop |
| 31:24 | Lord6 · first_building Archery Range |
| 32:16 | Purdue · first_building Archery Range |
| 32:47 | Purdue · age_up imperial |
| 33:43 | Lord6 · age_up imperial |
| 35:02 | Lord6 · first_market_sell 500 food |
| 37:16 | Purdue · first_market_buy 500 food |
| 41:24 | Purdue · resign |
[ AI ANALYSIS · 1 CREDIT ]
What really happened in this match?
Wolo.gg analyzes every decision: build order, eco, micro, common mistakes by bracket. Personalized analysis on WhatsApp or Discord in 30 seconds.
Civ guide
Celts
Perfil
Jugador #4748558